 Dungeon Crawl Stone Soup version 0.29-a0-275-g389c0b56f3 (webtiles) character file.

Game seed: 4820784482387211694

143 spaghetti the Ducker (level 5, -3/36 HPs)
             Began as an Octopode Chaos Knight on Mar 10, 2022.
             Was a Plaything of Xom.
             Slain by an orc wizard
             ... wielding a +2 dagger of speed
              (4 damage)
             ... on level 3 of the Dungeon.
             The game lasted 00:05:31 (2168 turns).

spaghetti the Ducker (Octopode Chaos Knight)        Turns: 2168, Time: 00:05:32

Health: -3/36      AC:  1    Str: 17    XL:     5   Next: 25%
Magic:  5/5        EV: 14    Int: 15    God:    Xom [..*...]
Gold:   142        SH:  0    Dex: 13    Spells: 2/4 levels left

rFire   . . .      SeeInvis .   i - +1 dagger (venom) {short}
rCold   + . .      Faith    .   (no shield)
rNeg    . . .      Spirit   .   (helmet restricted)
rPois   .          Reflect  .   (no amulet)
rElec   .          Harm     .   d - +6 ring of strength
rCorr   .          Rampage  .   (no ring)
Will    .....                   (no ring)
Stlth   +++.......              (no ring)
HPRegen 0.12/turn               (no ring)
MPRegen 0.09/turn               (no ring)
                                (no ring)
                                (no ring)

@: studying Ice Magic
A: almost no armour, amphibious, 8 rings, camouflage 1, gelatinous body 1,
(nimble swimmer 1), tentacles, cold resistance 1
a: Renounce Religion


You were on level 3 of the Dungeon.
You worshipped Xom.
You were a toy of Xom.
You visited 1 branch of the dungeon, and saw 4 of its levels.

You collected 142 gold pieces.


Innate Abilities, Weirdness & Mutations

You cannot wear most types of armour.
You are amphibious.
You can wear up to eight rings at the same time.
Your skin changes colour to match your surroundings (Stealth+).
Your rubbery body absorbs attacks. (AC +1, EV +1)
((You are camouflaged when in or above water. (Stealth+)))
You have tentacles for arms and can constrict up to eight enemies at once.
Your flesh is cold resistant. (rC+)


   Skills:
 - Level 3.0 Fighting
 - Level 3.0 Short Blades
 + Level 4.6 Dodging
 + Level 3.7 Stealth


You had 2 spell levels left.
You knew the following spells:

 Your Spells              Type           Power      Damage    Failure   Level
a - Searing Ray           Conj           0%         2d4       38%         2

Your spell library contained the following spells:

 Spells                   Type           Power      Damage    Failure   Level
 Foxfire                  Conj/Fire      0%         2x1d4     26%         1
 Magic Dart               Conj           0%         1d3       26%         1
 Conjure Flame            Conj/Fire      0%         6-21      63%         3
 Gell's Gravitas          Tloc           0%         N/A       63%         3
 Inner Flame              Hex/Fire       0%         N/A       63%         3
 Teleport Other           Tloc           0%         N/A       63%         3
 Flame Wave               Conj/Fire      0%         2d4       95%         4
 Fulminant Prism          Conj/Hex       0%         3d6       95%         4
 Fireball                 Conj/Fire      0%         3d3       100%        5

Inventory:

Hand Weapons
 a - a +0 short sword of chaos {short}
 i - a +1 dagger of venom (weapon) {short}
   (You took it off an orc on level 3 of the Dungeon)
Missiles
 c - 27 stones (quivered) {throwing}
 e - 6 poisoned darts {throwing}
 g - 4 boomerangs {throwing}
Magical Staves
 j - a staff of air {!astaff}
   (You found it on level 2 of the Dungeon)
Jewellery
 d - a +6 ring of strength (left tentacle)
   (You found it on level 1 of the Dungeon)
Scrolls
 f - a scroll of vulnerability {!r!r}
 h - a scroll of amnesia {unknown}
Miscellaneous
 b - a piece from Xom's chessboard (10/15)

Dungeon Overview and Level Annotations

Branches:
Dungeon (4/15)
 Temple: D:4-7

Altars:
Ashenzari

Annotations:
D:3 1 runed translucent door, seaofthunder's ghost, amateur HOFi

#.# #.#.# # ###.#
###.#(# # .... ...#.# #
## .###.### #..#.## #
.. .......###..#.##.###
#. ##.#..>...).......
#.(##..#.###...###....
#(....{ยง.)((.(((......
#.###@##)###.#(#######
#.##)###.#.#######
##.#((.##.#.#......
##...#.#.#.#.#.#####
....?((....#.#.#
#.#...###.###.#.# #
##.#.#.####.#.# #.##.#
##..#.# # #####.#.#.#


There were no monsters in sight!


Message History

There are monsters nearby!
There are monsters nearby!
Throw: 11 stones {throwing}
Press: ? - help, Q - select action, (/) - cycle Shift-Dir - straight line, f - orc
Aim: an orc, wielding a +1 dagger of venom, wearing a +0 ring mail and quivering stones (wandering, hasn't noticed you, 61% to hit)
You throw a stone {throwing}. The orc shouts!
The stone {throwing} hits the orc.
Throw: 10 stones {throwing}
Press: ? - help, Q - select action, (/) - cycle Shift-Dir - straight line, f/p - orc
Aim: an orc, wielding a +1 dagger of venom, wearing a +0 ring mail and quivering stones (moderately wounded, 61% to hit)
You throw a stone {throwing}.
The stone {throwing} hits the orc but does no damage.
Throw: 9 stones {throwing}
Press: ? - help, Q - select action, (/) - cycle Shift-Dir - straight line, f/p - orc
Aim: an orc, wielding a +1 dagger of venom, wearing a +0 ring mail and quivering stones (moderately wounded, 61% to hit)
You throw a stone {throwing}.
The stone {throwing} barely misses the orc.
The stone {throwing} closely misses the orc.
The orc misses you.
The orc hits you with a +1 dagger of venom.
You are poisoned.
Items here: ( ) ? [ โ€ . ๐Ÿ˜ฎ HP[-4]
You take 4 damage, and now have 22/36 hp.
You hit the orc. You freeze the orc. Your grab misses the orc.
You feel sick.
The orc closely misses you. x2 ๐Ÿ˜ฎ HP[-1]
You take 1 damage, and now have 21/36 hp.
You hit the orc.
You kill the orc!
You feel sick.
The orc hits you but does no damage. ๐Ÿ˜ฎ HP[-1]
You take 1 damage, and now have 20/36 hp.
You hit the orc.
The orc is poisoned.
Your grab misses the orc.
You feel sick. The orc hits you with a +0 spear.
* * * LOW HITPOINT WARNING * * *
๐Ÿ˜จ HP[-7]
You take 7 damage, and now have 13/36 hp.
You barely miss the orc. You grab the orc.
You constrict the orc, but do no damage.
You feel sick. The orc closely misses you. ๐Ÿ˜จ HP[-1]
You take 1 damage, and now have 12/36 hp.
You hit the orc.
You feel better.
You constrict the orc.
You kill the orc!
You feel sick. ๐Ÿ˜จ HP[+1]
You feel sick.
You are no longer poisoned.
c - 28 stones {throwing} (gained 20);
h - a scroll labelled DOSOD WACVAI
Items here: ) [ รท โ€ . ๐Ÿ˜จ HP[-1]
You take 1 damage, and now have 12/36 hp.
i - a +1 dagger of venom {short} Your +1 dagger of venom {short} begins to drip with poison!
i - a +1 dagger of venom (weapon)
{short} An orc wizard is nearby! ๐Ÿ˜จ HP[+1]
An orc wizard is nearby!
An orc wizard is nearby!
An orc wizard is nearby!
Throw: 28 stones {throwing}
Press: ? - help, Q - select action, (/) - cycle Shift-Dir - straight line, f - orc wizard
Aim: an orc wizard, wielding a +2 dagger of speed and wearing a +0 robe (wandering, hasn't noticed you, 50% to hit)
You throw a stone {throwing}. The orc wizard shouts!
The stone {throwing} hits the orc wizard but does no damage.
The orc wizard is engulfed in seething chaos.
You closely miss the orc wizard. You grab the orc wizard.
You constrict the orc wizard.
The orc wizard is engulfed in seething chaos.
The orc wizard misses you.
You hit the orc wizard but do no damage.
You constrict the orc wizard.
The orc wizard is engulfed in seething chaos.
The orc wizard hits you with a +2 dagger of speed.
* * * LOW HITPOINT WARNING * * *
๐Ÿ˜ฑ HP[-4]
You take 4 damage, and now have 9/36 hp.
You hit the orc wizard but do no damage.
The orc wizard is poisoned.
You constrict the orc wizard.
The orc wizard is engulfed in seething chaos.
The orc wizard flickers and vanishes!
Deactivating autopickup; reactivate with Ctrl-A.
Something hits you.
* * * LOW HITPOINT WARNING * * *
Something hits you.
* * * LOW HITPOINT WARNING * * *
๐Ÿ˜ฑ HP[-8]
You take 8 damage, and now have 1/36 hp.
MASSIVE DAMAGE!! (PAUSE)
You aren't carrying any potions.
Unknown command.
Okay, then.
Really wriggle into that cloud of seething chaos?
Okay, then.
You hit something. You tentacle-slap something. You constrict something.
Something hits you.
You die...

Skill      XL: |  1  2  3  4 |
---------------+-------------+-----
Dodging        | 3 4 |  4.6
Stealth        | 2 3 |  3.7
Fighting       | |  3.0
Short Blades   | |  3.0

Action                   |  1- 3 |  4- 6 || total
-------------------------+-------+-------++-------
Melee: Short sword       |    63 |    27 ||    90
       Constrict         |    12 |     7 ||    19
       Tentacles         |     6 |     5 ||    11
       Punch             |     2 |     1 ||     3
       Dagger            |       |     4 ||     4
Throw: Stone             |    57 |    33 ||    90
Evoke: Piece from Xom's  |     9 |       ||     9
  Use: Scroll            |     4 |     1 ||     5
       Potion            |     2 |     1 ||     3
 Stab: Petrified         |     4 |       ||     4
       Sleeping          |     3 |       ||     3
       Distracted        |       |     1 ||     1
Armor: Skin              |     4 |     1 ||     5
Dodge: Dodged            |    35 |    19 ||    54

Levels and vault maps discovered:
D:1:      ldierk_water_garden, layout_basic
D:2:      layout_basic
D:3:      layout_loops_ring, overflow_temple_1_default, serial_shops, shop,
          shapermc_ecumenical_altar_rom_forum, ebering_ghost_sewer_d,
          uniq_terence
D:4:      layout_rooms, general_overflow_altar

Notes
Turn   | Place    | Note
-------+----------+-------------------------------------------
     0 | D:1      | spaghetti the Octopode Chaos Knight began the quest for the
                  | Orb.
     0 | D:1      | Reached XP level 1. HP: 16/16 MP: 1/1
     0 | D:1      | magus.rc [v1.9.6]
   305 | D:1      | Reached skill level 3 in Dodging
   305 | D:1      | Reached XP level 2. HP: 19/21 MP: 2/2
   317 | D:1      | XOM: silly message
   590 | D:1      | You pick up a book of Flames and begin reading...
   590 | D:1      | You add the spells Foxfire, Conjure Flame, Inner Flame and
                  | Flame Wave to your library.
   670 | D:1      | XOM: smoke on damage
   740 | D:2      | Reached XP level 3. HP: 21/26 MP: 3/3
   902 | D:2      | Identified a scroll of acquirement
   902 | D:2      | Acquired a manual of Ice Magic
   916 | D:2      | HP: 5/26 [something (10)]
   918 | D:2      | Reached skill level 1 in Stealth
   943 | D:2      | Reached skill level 4 in Dodging
   949 | D:3      | Found a runed translucent door.
   977 | D:3      | XOM: god gift: chain mail {god gift}
   978 | D:3      | Noticed seaofthunder's ghost (amateur HOFi)
   984 | D:3      | Gained mutation: Your flesh is cold resistant. (rC+)
                  | [potion of mutation]
  1429 | D:3      | Found a broken altar of Ashenzari.
  1429 | D:3      | XOM: 3-stop teleportation journey
  1439 | D:3      | You pick up a book of Conjurations {@e2} and begin
                  | reading...
  1439 | D:3      | You add the spells Magic Dart, Searing Ray and Fulminant
                  | Prism to your library.
  1480 | D:4      | Noticed an ogre
  1493 | D:4      | XOM: summons friendly quasit
  1515 | D:3      | Reached skill level 2 in Stealth
  1515 | D:3      | Reached XP level 4. HP: 13/31 MP: 4/4
  1521 | D:3      | XOM: god gift: lumpy ruby potion {god gift}
  1615 | D:3      | XOM: god gift: Xom's Tome of the Bouncing Mystics {god
                  | gift}
  1616 | D:3      | You add the spells Gell's Gravitas, Teleport Other and
                  | Fireball to your library.
  1616 | D:3      | Got Xom's Tome of the Bouncing Mystics {god gift}
  1620 | D:3      | Learned a level 2 spell: Searing Ray
  1784 | D:3      | XOM: noise
  1802 | D:3      | Reached skill level 3 in Stealth
  1853 | D:3      | Noticed Terence
  1862 | D:3      | Killed Terence
  1863 | D:3      | Reached XP level 5. HP: 10/36 MP: 5/5
  1878 | D:3      | HP: 9/36 [adder (3)]
  1882 | D:3      | HP: 4/36 [poisoned by an adder]
  2135 | D:3      | XOM: cloud trail
  2166 | D:3      | HP: 9/36 [orc wizard/+2 dagger of speed (4)]
  2167 | D:3      | HP: 4/36 [something (6)]
  2167 | D:3      | HP: 1/36 [something (3)]
  2168 | D:3      | Slain by an orc wizard

Vanquished Creatures
  An iguana (D:3)
  Terence (D:3)
  2 gnolls (D:2)
  2 adders (D:3)
  A dart slug (D:3)
  4 orcs (D:3)
  5 ball pythons
  3 endoplasms
  A giant cockroach (D:4)
  A goblin (D:3)
  4 hobgoblins
  4 jackals (D:1)
  2 quokkas (D:1)
  4 bats (D:1)
  3 frilled lizards
  5 kobolds
  4 rats
47 creatures vanquished.

Vanquished Creatures (others)
  A bat (D:2)
  A fungus (D:3)
  2 plants (D:3)
  4 toadstools (D:1)
8 creatures vanquished.

Grand Total: 55 creatures vanquished

Table legend:
 A = Non-vault XP
 B = Vault XP
 C = Vault XP percentage of total XP
 D = Non-vault monster count
 E = Vault monster count
 F = Vault count percentage of total count
                 A         B        C        D         E       F
            +---------+---------+-------+---------+---------+-------
      Total |     169 |      36 |  17.6 |      46 |       1 |   2.1
            +---------+---------+-------+---------+---------+-------
        D:1 |      33 |       0 |   0.0 |      20 |       0 |   0.0
        D:2 |      38 |       0 |   0.0 |       8 |       0 |   0.0
        D:3 |      96 |      36 |  27.3 |      17 |       1 |   5.6
        D:4 |       2 |       0 |   0.0 |       1 |       0 |   0.0
            +---------+---------+-------+---------+---------+-------

Illustrated notes

Table legend:
 A = Kills in this place as a percentage of kills in entire the game.
 B = Kills by you in this place as a percentage of kills by you in the entire game.
 C = Kills by friends in this place as a percentage of kills by friends in the entire game.
 D = Other kills in this place as a percentage of other kills in the entire game.
 E = Experience gained in this place as a percentage of experience gained in the entire game.
 F = Experience gained in this place divided by the number of levels of this place that you have seen.
                   A       B       C       D       E      F
               +-------+-------+-------+-------+-------+----------------------
         Total | 100.0 | 100.0 |   N/A |   N/A | 100.0 |  51.2
       Dungeon | 100.0 | 100.0 |   N/A |   N/A | 100.0 |  51.2
               +-------+-------+-------+-------+-------+----------------------

Table legend: (Time is in decaauts)
 A = Elapsed time spent in this place.
 B = Non-inter-level travel time spent in this place.
 C = Inter-level travel time spent in this place.
 D = Time resting spent in this place.
 E = Time spent auto-exploring this place.
 F = Levels seen in this place.
 G = Mean time per level.
                   A        B        C        D        E       F      G
               +--------+--------+--------+--------+--------+-----+--------+
         Total |   2151 |   2130 |     21 |    564 |   1139 |   4 |  537.8 |
       Dungeon |   2151 |   2130 |     21 |    564 |   1139 |   4 |  537.8 |
               +--------+--------+--------+--------+--------+-----+--------+

Top non-repeatable levels by time:
     D:3: 1147 daAuts
     D:1: 726 daAuts
     D:2: 222 daAuts
     D:4: 54 daAuts
